 Dungeon Crawl Stone Soup version 0.30-a0-219-gf2db51d15e (webtiles) character file.

Game seed: 7909020610525433712

115397 greasedhog the Devastator (level 16, -13/97 HPs)
             Began as a Gargoyle Conjurer on Oct 5, 2022.
             Was a High Priest of Vehumet.
             Killed from afar by an Ice Fiend (32 damage)
             ... with a bolt of cold
             ... summoned by a dread lich
             ... while paralysed by a dread lich
             ... on level 2 of the Abyss on Oct 6, 2022.
             The game lasted 00:57:04 (27921 turns).

greasedhog the Devastator (Gargoyle Conjurer)      Turns: 27921, Time: 00:57:05

Health: -13/97     AC: 27    Str: 14    XL:     16   Next: 68%
Magic:  29/40      EV:  2    Int: 33    God:    Vehumet [*****.]
Gold:   2097       SH:  0    Dex:  8    Spells: 11/37 levels left

rFire   + + .      SeeInvis +    D - staff of earth
rCold   . . .      Faith    .    (no shield)
rNeg    + . .      Spirit   .    B - +0 troll leather armour
rPois   ∞          Reflect  .    c - +1 helmet
rElec   +          Harm     .    C - +1 cloak {rCorr}
rCorr   +          Rampage  .    N - +0 pair of gloves of Death's Door {Regen+ SInv}
Will    +....      Rage     3%   X - +2 pair of boots
Stlth   +.........               n - amulet of magic regeneration
HPRegen 1.96/turn                e - ring of Ewyicloc {rF++ rCorr Str+3 Int+6}
MPRegen 0.67/turn                x - ring of magical power

@: paralysed, about to teleport, flying
A: sickness immunity, AC +12, big wings, negative energy resistance 1,
electricity resistance, torment resistance 1, petrification resistance, berserk
1, screaming 1
a: Renounce Religion


You were on level 2 of the Abyss.
You worshipped Vehumet.
Vehumet was extremely pleased with you.
You visited 4 branches of the dungeon, and saw 23 of its levels.
You visited the Abyss 1 time.

You collected 2840 gold pieces.
You spent 743 gold pieces at shops.

Inventory:

Armour
 c - a +1 helmet (worn)
 B - a +0 troll leather armour (worn)
 C - a +1 cloak of preservation (worn)
 L - a +1 robe of cold resistance
 N - the +0 pair of gloves of Death's Door (worn) {Regen+ SInv}
   (You found it on level 1 of the Lair of Beasts)

   SInv:      It lets you see invisible.
   Regen:     It increases your rate of health regeneration.
 X - a +2 pair of boots (worn)
Magical Staves
 D - a staff of earth (weapon)
Jewellery
 e - the ring of Ewyicloc (left hand) {rF++ rCorr Str+3 Int+6}
   (You found it on level 1 of the Orcish Mines)

   [ring of intelligence]

   Str:       It affects your strength (+3).
   Int:       It affects your intelligence (+6).
   rF:        It greatly protects you from fire.
   rCorr:     It protects you from acid and corrosion.
 m - an amulet of the acrobat
 n - an amulet of magic regeneration (around neck)
 p - a ring of ice
 x - a ring of magical power (right hand)
 M - a ring of willpower
 P - the ring "Jaizoyru" {Fly rElec rF- Will+ Dex+4 Stlth+}
   (You found it on level 2 of the Lair of Beasts)

   [ring of willpower]

   Dex:       It affects your dexterity (+4).
   rF:        It makes you vulnerable to fire.
   rElec:     It insulates you from electricity.
   Fly:       It grants you flight.
   Will:      It increases your willpower.
   Stlth:     It makes you more stealthy.
 R - the amulet of Meycidif {Spirit rCorr Int+6}
   (You found it on level 10 of the Dungeon)

   [amulet of guardian spirit]

   It causes incoming damage to be divided between your reserves of health and
   magic.
   Int:       It affects your intelligence (+6).
   rCorr:     It protects you from acid and corrosion.
 S - a ring of protection from fire
Wands
 w - a wand of flame (27)
 A - a wand of charming (26)
 E - a wand of digging (14)
 G - a wand of roots (26)
 O - a wand of mindburst (6)
 V - a wand of acid (25)
Scrolls
 a - 4 scrolls of enchant weapon
 f - 5 scrolls of immolation
 i - 2 scrolls of magic mapping
 k - 12 scrolls of teleportation
 l - 3 scrolls of fear
 q - 4 scrolls of poison
 t - a scroll of brand weapon
 y - a scroll of fog
 z - 5 scrolls of blinking
 F - a scroll of vulnerability
 H - 3 scrolls of torment
 I - 2 scrolls of silence
 Q - 2 scrolls of amnesia
 U - 6 scrolls of identify
Potions
 b - 5 potions of magic
 d - 8 potions of lignification
 g - 3 potions of mutation
 h - 5 potions of brilliance
 j - 10 potions of curing
 o - a potion of might
 s - 2 potions of heal wounds
 u - 10 potions of ambrosia
 v - 4 potions of attraction
 J - 4 potions of haste
 K - 5 potions of cancellation
 T - 5 potions of resistance
 W - a potion of berserk rage
Miscellaneous
 r - a phantom mirror


   Skills:
 - Level 10.0 Fighting
 + Level 7.4 Staves
 - Level 10.0 Armour
 * Level 9.5 Dodging
 - Level 2.1 Stealth
 - Level 11.0 Spellcasting
 * Level 17.5 Conjurations
 - Level 5.0 Translocations
 - Level 5.0 Transmutations
 * Level 10.8 Earth Magic
 - Level 5.0 Evocations


You had 11 spell levels left.
You knew the following spells:

 Your Spells              Type           Power      Damage    Failure   Level
a - Lee's Rapid Deconstr  Erth           47%        3d23*     1%          5
b - Searing Ray           Conj           100%       2d8       0%          2
d - Iskenderun's Mystic   Conj/Tloc      75%        2d15      1%          4
e - Stone Arrow           Conj/Erth      100%       3d13      1%          3
f - Irradiate             Conj/Tmut      37%        3d24      1%          5
g - Orb of Destruction    Conj           47%        9d12      1%          7

Your spell library contained the following spells:

 Spells                   Type           Power      Damage    Failure   Level
 Yara's Violent Unravell  Hex/Tmut       17%        3d8       9%          5
 Magic Dart               Conj           100%       1d8       0%          1
 Freeze                   Ice            72%        1d9       1%          1
 Sandblast                Erth           100%       2d20      1%          1
 Shock                    Conj/Air       100%       1d9       1%          1
 Scorch                   Fire           36%        2d6       1%          2
 Dazzling Flash           Conj/Hex       100%       N/A       1%          3
 Flame Wave               Conj/Fire      66%        2d15      1%          4
 Fulminant Prism          Conj/Hex       33%        3d16      1%          4
 Petrify                  Tmut/Erth      81%        N/A       1%          4
 Inner Flame              Hex/Fire       18%        N/A       2%          3
 Necrotise                Necr           72%        1d7       3%          1
 Slow                     Hex            72%        N/A       3%          1
 Portal Projectile        Hex/Tloc       68%        N/A       3%          3
 Confusing Touch          Hex            18%        N/A       9%          3
 Tukima's Dance           Hex            18%        N/A       9%          3
 Vampiric Draining        Necr           18%        2d7       9%          3
 Borgnjor's Vile Clutch   Necr/Erth      34%        N/A       9%          5
 Blade Hands              Tmut           25%        N/A       11%         5
 Cause Fear               Hex            9%         N/A       30%         4
 Alistair's Intoxication  Tmut/Pois      22%        N/A       30%         5
 Eringya's Noxious Bog    Tmut/Pois      17%        N/A       38%         6
 Agony                    Necr           18%        N/A       63%         5
 Dragon Form              Tmut           25%        N/A       97%         7
 Summon Cactus Giant      Summ           9%         N/A       99%         6
 Discord                  Hex            9%         N/A       100%        8
 Dragon's Call            Summ           9%         N/A       100%        9
 Statue Form              Tmut/Erth      Unusable   N/A       N/A         6

Dungeon Overview and Level Annotations

Branches:
Dungeon (15/15)            Temple (0/1) D:7            Lair (5/5) D:9
 Shoals (0/4) Lair:2       Spider (1/4) Lair:2        Slime (0/5) Lair:5
    Orc (2/2) D:10            Elf (0/3) Orc:2        Vaults (0/5) D:14
 Depths (0/4) D:15

Altars:
Cheibriados
Fedhas
Kikubaaqudgha
Makhleb
Okawaru
Sif Muna
Trog
Vehumet
Xom

Shops:
D:3 *   Orc:1 (?*   Orc:2 ![(

Annotations:
D:11 2 transporters, MrSquiggles's ghost, journeyman OpCj
Lair:5 2 transporters, mdonais's ghost, journeyman MeGl
Spider:1 Louise


Innate Abilities, Weirdness & Mutations

You are immune to sickness and miasma.
Your stone body is resilient. (AC +12)
You are immune to poison.
Your large and strong wings let you fly.
You resist negative energy. (rN+)
You are resistant to electric shocks. (rElec)
You are resistant to unholy torment.
You are immune to petrification.
You sometimes lose your temper in combat.
You occasionally shout uncontrollably at your foes.


Message History

Your orb of destruction hits a stone wall.
The dread lich points at you and mumbles some strange words.
You suddenly lose the ability to move!
The dread lich casts a spell.
The ancient zyme hits you! The ancient zyme completely misses you.
The dread lich casts a spell.
The ancient zyme hits you.
The ancient zyme hits you but does no damage.
The Ice Fiend claws you. The Ice Fiend freezes you!!!
The Ice Fiend claws you but does no damage.
You can move again.
Unknown command.
The ancient zyme hits you but does no damage. x2
The Ice Fiend gestures at you. The bolt of cold hits you!!
* * * LOW HITPOINT WARNING * * *
The ancient zyme closely misses you. The ancient zyme barely misses you.
The Ice Fiend calls on the powers of darkness!
Your body is wracked with pain!
* * * LOW HITPOINT WARNING * * *
The ancient zyme attacks as you move away!
The ancient zyme barely misses you. The ancient zyme misses you.
The ancient zyme attacks as you move away!
The ancient zyme barely misses you. x2
As you read the scroll of teleportation, it crumbles to dust.
You feel strangely unstable.
You feel the power of the Abyss delaying your translocation!
The ancient zyme hits you but does no damage. x2
You feel much better. The ancient zyme hits you!
* * * LOW HITPOINT WARNING * * *
The ancient zyme hits you but does no damage.
The dread lich gestures at you while chanting.
You suddenly lose the ability to move!
The ancient zyme hits you but does no damage. x2
The ancient zyme hits you!
* * * LOW HITPOINT WARNING * * *
The ancient zyme completely misses you. The Ice Fiend gestures at you.
The bolt of cold hits you!!
You die...

#..# .# #...#..#
2# ###.##
##....# #.#.1.#
# ## ##L..#.
..##...##x...#.#
... #..#@.###.
###...#.#.#.#..
.##... ......#
..... ......#..#
# ...#.#....# #
..##..#...###
..#. .#..###.#
....#...# .. .#
#.# # #### . .


You could see a dread lich, an Ice Fiend (summoned), a shadow demon (summoned)
and an ancient zyme.

Vanquished Creatures
  Frances (Spider:1)
  Kirke (D:12)
  Roxanne (D:15)
  2 ghost moths
  An ironbound preserver (D:14)
  Nessos (D:12)
  A dire elephant (Lair:5)
  The ghost of CougarLife the Severer, a journeyman MiFi of Okawaru (Lair:4)
  The ghost of Hati the Cleaver, a journeyman DsFi of Hepliaklqana (Orc:1)
  Josephine (Lair:3)
  A fire dragon (Lair:5)
  7 hydras
  Fannar (Lair:3)
  2 catoblepae (Lair:5)
  4 centaur warriors
  6 two-headed ogres
  17 death yaks
  A jorogumo (Spider:1)
  4 boulder beetles
  2 tengu warriors (D:15)
  4 orc high priests (Orc:2)
  12 slime creatures
  2 skeletal warriors (D:14)
  2 deep trolls (D:15)
  3 orb spiders
  2 steelbarb worms
  3 deep elf pyromancers
  2 lindwurms (Lair:5)
  A swamp dragon (Lair:5)
  An orc knight (Orc:2)
  2 necromancers (D:15)
  4 orc sorcerers
  A shining eye (Abyss:2)
  11 ugly things
  2 cyclopes
  3 wolf spiders (Spider:1)
  11 elephants
  5 manticores
  A merfolk siren (Lair:2)
  A water nymph (shapeshifter) (D:15)
  A guardian serpent (shapeshifter) (D:13)
  7 black mambas
  A rust devil (Abyss:2)
  A torpor snail (Lair:5)
  A gargoyle (D:11)
  15 cane toads
  A smoke demon (Abyss:2)
  2 demonic crawlers
  2 efreet
  2 unseen horrors (D:10)
  A freezing wraith (D:15)
  Maggie (D:7)
  5 komodo dragons
  A tengu conjurer (D:15)
  4 rime drakes
  A hellwing (Abyss:2)
  4 trolls
  A queen bee (Spider:1)
  A polar bear (Lair:2)
  6 meliai (Spider:1)
  A merfolk (Lair:2)
  A queen bee (shapeshifter) (D:14)
  A wolf spider simulacrum (D:13)
  4 hornets
  A troll (shapeshifter) (D:14)
  6 tarantellas (Spider:1)
  16 blink frogs
  2 large abominations (Abyss:2)
  4 culicivoras (Spider:1)
  10 jumping spiders (Spider:1)
  A vampire (D:13)
  9 wyverns
  5 wraiths (Lair:3)
  4 shadows
  A human (D:12)
  5 fire bats (Lair:4)
  3 steam dragons
  6 basilisks
  44 yaks
  A fire elemental (Lair:4)
  2 hogs (D:12)
  7 vampire mosquitoes
  4 neqoxecs (Orc:1)
  3 wargs
  19 redbacks
  3 acid dragons (Lair:5)
  11 water moccasins
  27 orc warriors
  2 sky beasts
  2 swamp drakes (Lair:5)
  2 black bears
  6 ogres
  7 wolves
  12 centaurs
  2 phantoms (D:5)
  A kobold brigand (D:11)
  6 bullfrogs
  2 gnoll sergeants
  A necrophage (D:5)
  3 scorpions
  20 killer bees (Spider:1)
  4 howler monkeys
  3 electric eels
  4 quasits (Orc:1)
  2 gnoll boudas
  A hound (D:6)
  2 jellies
  41 orc priests
  Crazy Yiuf (D:6)
  7 iguanas
  34 orc wizards
  A mummy (D:4)
  16 gnolls
  12 adders
  4 shadow imps
  2 white imps (D:4)
  An ufetubus (D:4)
  3 worms
  A dart slug (D:3)
  79 orcs
  10 endoplasms
  4 giant cockroaches
  14 hobgoblins
  3 quokkas
  7 ball pythons
  8 bats
  3 frilled lizards
  10 goblins
  A hobgoblin zombie (D:4)
  12 kobolds
  2 kobold zombies (D:4)
  An orc zombie (D:4)
  3 rats
  2 fire vortices (Lair:4)
752 creatures vanquished.

Vanquished Creatures (others)
  A bullfrog (D:8)
  An iguana (Lair:5)
  A kobold (D:11)
  2 bushes
  5 demonic plants (D:4)
  21 fungi
  60 plants
91 creatures vanquished.

Grand Total: 843 creatures vanquished

Notes
Turn   | Place    | Note
-------+----------+-------------------------------------------
     0 | D:1      | greasedhog the Gargoyle Conjurer began the quest for the
                  | Orb.
     0 | D:1      | Reached XP level 1. HP: 10/10 MP: 3/3
   341 | D:1      | Reached XP level 2. HP: 16/16 MP: 3/5
   399 | D:1      | Learned a level 2 spell: Searing Ray
  1267 | D:1      | Found a blossoming altar of Fedhas.
  1349 | D:2      | Reached skill level 1 in Fighting
  1383 | D:2      | Reached XP level 3. HP: 20/20 MP: 4/6
  1739 | D:2      | Learned a level 3 spell: Dazzling Flash
  1875 | D:2      | Reached skill level 5 in Conjurations
  2000 | D:2      | Reached XP level 4. HP: 25/25 MP: 1/8
  2186 | D:2      | Found a faded altar of an unknown god.
  2669 | D:3      | Found Xiasab's General Store.
  2742 | D:3      | Bought a scroll of noise for 13 gold pieces
  2949 | D:3      | Reached XP level 5. HP: 21/30 MP: 0/10
  3394 | D:4      | Reached XP level 6. HP: 36/36 MP: 7/11
  3399 | D:4      | Learned a level 4 spell: Iskenderun's Mystic Blast
  3443 | D:4      | Reached skill level 6 in Conjurations
  3560 | D:4      | Noticed a sky beast
  3582 | D:4      | Killed a sky beast
  3583 | D:4      | Reached XP level 7. HP: 32/41 MP: 13/13
  4200 | D:5      | Entered Level 5 of the Dungeon
  4248 | D:5      | Reached skill level 5 in Spellcasting
  4248 | D:5      | Reached skill level 7 in Conjurations
  4326 | D:5      | Reached skill level 1 in Armour
  4440 | D:5      | Found a radiant altar of Vehumet.
  4457 | D:5      | Became a worshipper of Vehumet
  4533 | D:5      | Reached XP level 8. HP: 48/48 MP: 12/15
  5294 | D:6      | Reached skill level 8 in Conjurations
  5693 | D:6      | Found an iron altar of Okawaru.
  5786 | D:6      | Reached skill level 5 in Fighting
  5953 | D:6      | Found an ancient bone altar of Kikubaaqudgha.
  5962 | D:6      | Found a bloodstained altar of Trog.
  6131 | D:6      | Found a runed translucent door.
  6132 | D:6      | Noticed Crazy Yiuf
  6560 | D:6      | Found a burning altar of Makhleb.
  6672 | D:6      | Killed Crazy Yiuf
  6755 | D:7      | Reached skill level 5 in Armour
  6755 | D:7      | Reached XP level 9. HP: 54/54 MP: 16/16
  6824 | D:7      | Noticed Maggie
  6847 | D:7      | Killed Maggie
  6848 | D:7      | Reached skill level 9 in Conjurations
  7380 | D:7      | Found a staircase to the Ecumenical Temple.
  7657 | D:7      | Reached * piety under Vehumet
  7657 | D:7      | Offered knowledge of Foxfire by Vehumet.
  8090 | D:8      | Found a snail-covered altar of Cheibriados.
  8703 | D:8      | Reached skill level 10 in Conjurations
  8717 | D:8      | Reached XP level 10. HP: 38/59 MP: 19/19
  9004 | D:8      | Reached skill level 5 in Dodging
  9054 | D:8      | Found a shimmering altar of Xom.
  9704 | D:9      | Reached skill level 11 in Conjurations
  9748 | D:9      | Offered knowledge of Static Discharge by Vehumet.
  9751 | D:9      | Reached ** piety under Vehumet
  9885 | D:9      | Found a staircase to the Lair.
 10102 | D:9      | Reached XP level 11. HP: 43/66 MP: 7/22
 10403 | D:9      | Noticed a two-headed ogre
 10421 | D:9      | Killed a two-headed ogre
 10658 | D:10     | Entered Level 10 of the Dungeon
 10703 | D:10     | Reached skill level 12 in Conjurations
 10729 | D:10     | Offered knowledge of Stone Arrow by Vehumet.
 10796 | D:10     | Found a staircase to the Orcish Mines.
 10827 | D:10     | Noticed a two-headed ogre
 10839 | D:10     | Killed a two-headed ogre
 10849 | D:10     | Reached skill level 1 in Translocations
 11631 | D:10     | Noticed a two-headed ogre
 11651 | D:10     | Killed a two-headed ogre
 11888 | D:10     | Noticed a two-headed ogre
 11900 | D:10     | Killed a two-headed ogre
 11905 | D:10     | Learned a level 3 spell: Stone Arrow
 12145 | Lair:1   | Entered Level 1 of the Lair of Beasts
 12354 | Lair:1   | Reached skill level 1 in Earth Magic
 12355 | Lair:1   | Reached XP level 12. HP: 69/76 MP: 25/25
 12417 | Lair:1   | Reached *** piety under Vehumet
 12455 | Lair:1   | Reached skill level 13 in Conjurations
 12519 | Lair:1   | Identified the +0 pair of gloves of Death's Door {Regen+
                  | SInv}
 12539 | Lair:1   | Noticed a death yak
 12539 | Lair:1   | Noticed a death yak
 12659 | Lair:1   | Noticed a death yak
 12659 | Lair:1   | Noticed a death yak
 12693 | Lair:1   | Killed a death yak
 12696 | Lair:1   | Killed a death yak
 12702 | Lair:1   | Killed a death yak
 13157 | Lair:2   | Identified the ring "Jaizoyru" {Fly rElec rF- Will+ Dex+4
                  | Stlth+}
 13230 | Lair:2   | Noticed a seven-headed hydra
 13235 | Lair:2   | Killed a seven-headed hydra
 13285 | Lair:1   | Killed a death yak
 13285 | Lair:1   | Offered knowledge of Sticky Flame by Vehumet.
 13380 | D:10     | Identified the amulet of Meycidif {Spirit rCorr Int+6}
 13811 | Lair:2   | Reached skill level 10 in Fighting
 14244 | Lair:2   | Found a hole to the Spider Nest.
 14428 | Lair:2   | Reached skill level 10 in Spellcasting
 14429 | Lair:2   | Reached skill level 1 in Staves
 14618 | Lair:2   | Found a staircase to the Shoals.
 15039 | Lair:3   | Reached XP level 13. HP: 82/82 MP: 27/27
 15106 | Lair:3   | Reached skill level 14 in Conjurations
 15183 | Lair:3   | Identified the +6 sling "Hiozum" {flame, *Slow rN++}
 15349 | Lair:3   | Noticed Josephine
 15357 | Lair:3   | Noticed Fannar
 15364 | Lair:3   | Reached **** piety under Vehumet
 15372 | Lair:3   | Killed Josephine
 15397 | Lair:3   | Killed Fannar
 15404 | Lair:3   | Offered knowledge of Irradiate by Vehumet.
 15415 | Lair:3   | Learned a level 5 spell: Irradiate
 16139 | Lair:4   | Reached skill level 5 in Earth Magic
 16307 | Lair:4   | Reached skill level 5 in Translocations
 16492 | Lair:4   | Gained mutation: You occasionally shout uncontrollably at
                  | your foes. [mutagenic glow]
 16546 | Lair:4   | Reached ***** piety under Vehumet
 16551 | Lair:3   | Reached skill level 1 in Transmutations
 16640 | Lair:4   | Gained mutation: Your large and strong wings let you fly.
                  | [Gargoyle growth]
 16640 | Lair:4   | Reached XP level 14. HP: 88/88 MP: 27/29
 16661 | Lair:4   | Offered knowledge of Airstrike by Vehumet.
 16666 | Lair:4   | Reached skill level 15 in Conjurations
 16721 | Lair:4   | Found a runed translucent gate.
 16723 | Lair:4   | Found a runed translucent gate.
 16723 | Lair:4   | Noticed CougarLife's ghost (journeyman MiFi)
 16724 | Lair:4   | Found a runed translucent gate.
 17390 | Lair:4   | Killed CougarLife's ghost
 17446 | Lair:5   | Entered Level 5 of the Lair of Beasts
 18067 | Lair:5   | Noticed a dire elephant
 18308 | Lair:5   | Found a transporter.
 18490 | Lair:5   | Reached skill level 10 in Armour
 18626 | Lair:5   | Noticed mdonais's ghost (journeyman MeGl)
 18647 | Lair:5   | Found a transporter.
 18770 | Lair:5   | Reached skill level 5 in Staves
 18775 | Lair:5   | Reached skill level 1 in Evocations
 18863 | Lair:5   | Found a staircase to the Slime Pits.
 19070 | Lair:5   | Killed a dire elephant
 19495 | Orc:1    | Entered Level 1 of the Orcish Mines
 19502 | Orc:1    | Offered knowledge of Olgreb's Toxic Radiance by Vehumet.
 19646 | Orc:1    | Found a transporter.
 19649 | Orc:1    | Noticed Hati's ghost (journeyman DsFi)
 19718 | Orc:1    | Found a transporter.
 19856 | Orc:1    | Found Eschecw's Assorted Antiques.
 19870 | Orc:1    | Bought a scroll labelled UZOVAD ZEGGE for 28 gold pieces
 19965 | Orc:1    | Found Suojeeju's Weapon Emporium.
 20059 | Orc:1    | Found Zestuyx's Magic Scroll Shoppe.
 20064 | Orc:1    | Bought a scroll of identify for 22 gold pieces
 20064 | Orc:1    | Bought a scroll of teleportation for 33 gold pieces
 20064 | Orc:1    | Bought a scroll of identify for 22 gold pieces
 20064 | Orc:1    | Bought a scroll of amnesia for 44 gold pieces
 20064 | Orc:1    | Bought a scroll of amnesia for 44 gold pieces
 20064 | Orc:1    | Bought a scroll of identify for 22 gold pieces
 20064 | Orc:1    | Bought a scroll of identify for 22 gold pieces
 20064 | Orc:1    | Bought a scroll of teleportation for 33 gold pieces
 20069 | Orc:1    | Acquired 382 gold pieces
 20274 | Orc:1    | Identified the ring of Ewyicloc {rF++ rCorr Str+3 Int+6}
 20306 | Orc:1    | Killed Hati's ghost
 20379 | Orc:2    | Entered Level 2 of the Orcish Mines
 20610 | Orc:2    | Reached XP level 15. HP: 84/92 MP: 23/30
 20783 | Orc:2    | Reached skill level 16 in Conjurations
 20919 | Orc:2    | Found Aleill's Armour Shoppe.
 20919 | Orc:2    | Found Lohiaf's Distillery.
 20920 | Orc:2    | Found Mouczi's Magic Scroll Emporium.
 20924 | Orc:2    | Found Ulucinn's Weapon Shoppe.
 20929 | Orc:2    | Bought a scroll of identify for 32 gold pieces
 20929 | Orc:2    | Bought a scroll of immolation for 64 gold pieces
 20929 | Orc:2    | Bought a scroll of fear for 64 gold pieces
 20929 | Orc:2    | Bought a scroll of identify for 32 gold pieces
 20929 | Orc:2    | Bought a scroll of identify for 32 gold pieces
 20929 | Orc:2    | Bought a scroll of poison for 64 gold pieces
 20929 | Orc:2    | Bought a scroll of teleportation for 48 gold pieces
 20929 | Orc:2    | Bought a scroll of poison for 64 gold pieces
 20930 | Orc:2    | Bought a potion of degeneration for 10 gold pieces
 20930 | Orc:2    | Bought a potion of heal wounds for 50 gold pieces
 21058 | Orc:2    | Offered knowledge of Orb of Destruction by Vehumet.
 21075 | Orc:2    | Learned a level 7 spell: Orb of Destruction
 21246 | Orc:2    | Found a staircase to the Elven Halls.
 21643 | D:11     | Found a transporter.
 21646 | D:11     | Noticed MrSquiggles's ghost (journeyman OpCj)
 21647 | D:11     | Identified the +10 giant spiked club of Courage {freeze,
                  | rF+++ Str-5 Stlth+}
 22111 | D:11     | Found a shimmering blue altar of Sif Muna.
 22696 | D:11     | Got Sif Muna's Grimoire of the Zephyr
 22699 | D:11     | Got Sif Muna's Guide on Rime
 22701 | D:11     | Got Sif Muna's Omnibus of Unhallowed Rituals
 23022 | D:12     | Noticed Nessos
 23031 | D:12     | Killed Nessos
 23318 | D:12     | Noticed Kirke
 23515 | D:12     | Killed Kirke
 23936 | D:13     | Offered knowledge of Lee's Rapid Deconstruction by Vehumet.
 24853 | D:14     | Reached skill level 5 in Evocations
 25077 | D:14     | Found a gate to the Vaults.
 25116 | D:13     | Learned a level 5 spell: Lee's Rapid Deconstruction
 25745 | D:15     | Entered Level 15 of the Dungeon
 25867 | D:15     | Reached XP level 16. HP: 97/97 MP: 25/31
 25957 | D:15     | Identified Roxanne's Folio of Silt
 25957 | D:15     | Noticed Roxanne
 25963 | D:15     | Killed Roxanne
 26062 | D:15     | Reached skill level 17 in Conjurations
 26291 | D:15     | Found a staircase to the Depths.
 26722 | D:15     | Identified the +10 trident of the Sky {vorpal, rC- Will+
                  | Str+2}
 26837 | D:11     | Found a transporter.
 26973 | Spider:1 | Entered Level 1 of the Spider Nest
 26974 | Spider:1 | Upgraded the game from 0.30-a0-218-gedb9141078 to
                  | 0.30-a0-219-gf2db51d15e
 26980 | Spider:1 | Identified the +2 plate armour of Worghuff {rElec rF+
                  | Will+}
 26988 | Spider:1 | Noticed Frances
 26995 | Spider:1 | Killed Frances
 26999 | Spider:1 | Reached skill level 5 in Transmutations
 27100 | Spider:1 | Reached skill level 10 in Earth Magic
 27102 | Spider:1 | Offered knowledge of Yara's Violent Unravelling by Vehumet.
 27142 | Lair:2   | Gained mutation: You sometimes lose your temper in combat.
                  | [mutagenic glow]
 27811 | Spider:1 | Noticed Louise
 27811 | Abyss:2  | Cast into level 2 of the Abyss (Louise)
 27813 | Abyss:2  | Found a corrupted altar of Lugonu.
 27903 | Abyss:2  | Noticed a dread lich
 27909 | Abyss:2  | Paralysed by a dread lich for 4 turns
 27911 | Abyss:2  | Noticed an Ice Fiend
 27919 | Abyss:2  | Paralysed by a dread lich for 4 turns
 27921 | Abyss:2  | Killed from afar by an Ice Fiend

Illustrated notes

Levels and vault maps discovered:
D:1:      dpeg_arrival_lava_altar, layout_loops_corners
D:2:      layout_loops_corners, basic_ecumenical_altar, minmay_vboxes
D:3:      layout_loops_cross, serial_shops, shop_statue, minmay_checkerbox
D:4:      layout_basic, serial_demonic, serial_demonic_b, serial_demonic_c,
          serial_demonic_g, serial_demonic_a, minmay_mini_ossuary
D:5:      wander_river, layout_basic, nicolae_vehumet_radiance
D:6:      layout_basic, nicolae_overflow_crystal_walls,
          mainiacjoe_overflow_swirl, nicolae_overflow_hidden_temple,
          minmay_starry_boxes, uniq_crazy_yiuf_cottage
D:7:      layout_loops_ring, minmay_temple_entry_sparse_star, uniq_maggie
D:8:      layout_cave_pools, cheibriados_altar_1, mainiacjoe_overflow_alcove_1
D:9:      nicolae_BIG_FREAKIN_CUBE, layout_rooms, minmay_lair_entry_grove
D:10:     minmay_weird_star, layout_irregular_city, erik_orc_3,
          serial_bayou_crossing
D:11:     layout_layer_cave, gammafunk_ghost_smash,
          nicolae_sif_muna_little_library
D:12:     layout_roguey, uniq_kirke, uniq_nessos
D:13:     layout_cave_pods
D:14:     layout_cave_pools, skrybe_vaults_entry_preservation
D:15:     hangedman_depths_entry_civil_slaughter, layout_loops_ring,
          serial_park_tiny_1, uniq_roxanne
Lair:1:   layout_loops_ring
Lair:2:   layout_layer_cave, elwin_shoals_entry_rooms,
          nicolae_spider_entry_orb_guardian
Lair:3:   layout_cave_pods, uniq_josephine, uniq_fannar
Lair:4:   layout_gridlike, gammafunk_ghost_hydra_chop, lemuel_fruit_fields,
          serial_bayou_shore_b
Lair:5:   guppyfry_lair_end_dragon, layout_cave_shapes,
          hangedman_lair_in_review, dpeg_slime_entry_corner,
          gauntlet_entry_generic, gammafunk_ghost_hive,
          small_statue_intersection, minivault_19,
          chequers_serial_rivers_large_a, lemuel_fruit_tree
Spider:1: layout_spider_delve, special_room [special_room_bee], uniq_frances,
          uniq_louise
Orc:1:    layout_diamond_mine, serial_shops, nicolae_shop_hallway_plus, shop,
          nicolae_shop_bloodbath_and_beyond, gammafunk_ghost_stat_death,
          guppyfry_library_mini
Orc:2:    st_orc_mages, layout_caves, minmay_orc_temple_b
Abyss:2:  base: D:4, hangedman_steaming_rock

Skill      XL: |  1  2  3  4  5  6  7  8  9 10 11 12 13 14 15 16 |
---------------+-------------------------------------------------+-----
Fighting       | 1 2 3 5 6 9 10 | 10.0
Conjurations   | 5 6 7 8 10 11 12 13 14 15 16 17 | 17.5
Spellcasting   | 3 4 5 6 7 9 10 11 | 11.0
Armour         | 2 5 6 8 10 | 10.0
Dodging        | 2 4 5 7 8 9 |  9.5
Translocations | 2 4 5 |  5.0
Earth Magic    | 1 4 6 7 9 10 | 10.8
Staves         | 1 3 5 6 7 |  7.4
Transmutations | 1 3 4 5 |  5.0
Evocations     | 2 5 |  5.0
Stealth        | |  2.1

Action                   |  1- 3 |  4- 6 |  7- 9 | 10-12 | 13-15 | 16-18 || total
-------------------------+-------+-------+-------+-------+-------+-------++-------
Melee: Club              |    19 |     3 |       |       |       |       ||    22
       Unarmed           |     6 |       |       |       |       |       ||     6
       Whip              |       |    21 |       |       |       |       ||    21
       Dagger            |       |    32 |   164 |    63 |       |       ||   259
       Punch             |       |     2 |       |     1 |     4 |       ||     7
       Staff             |       |       |       |    14 |   188 |    58 ||   260
 Cast: Magic Dart        |    62 |    79 |   288 |   177 |       |       ||   606
       Searing Ray       |       |     2 |    12 |    21 |    11 |       ||    46
       Dazzling Flash    |       |       |     6 |       |       |       ||     6
       Iskenderun's Myst |       |       |     8 |    67 |    58 |    12 ||   145
       Stone Arrow       |       |       |       |    97 |   751 |   149 ||   997
       Irradiate         |       |       |       |       |    22 |    10 ||    32
       Lee's Rapid Decon |       |       |       |       |    10 |    25 ||    35
       Orb of Destructio |       |       |       |       |     6 |     6 ||    12
Evoke: Wand              |       |       |       |       |     1 |     2 ||     3
  Use: Scroll            |     4 |       |     3 |     3 |    15 |     3 ||    28
       Potion            |       |       |     1 |     6 |     4 |     2 ||    13
 Stab: Sleeping          |     1 |       |     1 |       |       |       ||     2
Armor: Robe              |    14 |    27 |    81 |       |       |       ||   122
       Steam dragon scal |       |       |    41 |   122 |   284 |       ||   447
       Troll leather arm |       |       |       |       |    98 |   180 ||   278
Dodge: Dodged            |    29 |    38 |   140 |   140 |   423 |   156 ||   926

Table legend: (Time is in decaauts)
 A = Elapsed time spent in this place.
 B = Non-inter-level travel time spent in this place.
 C = Inter-level travel time spent in this place.
 D = Time resting spent in this place.
 E = Time spent auto-exploring this place.
 F = Levels seen in this place.
 G = Mean time per level.
                   A        B        C        D        E       F      G
               +--------+--------+--------+--------+--------+-----+--------+
         Total |  27991 |  26228 |   1763 |   4681 |  17060 |  24 | 1166.3 |
       Dungeon |  17962 |  16752 |   1210 |   3164 |  11043 |  15 | 1197.5 |
          Lair |   7402 |   6931 |    471 |   1326 |   4412 |   5 | 1480.4 |
   Spider Nest |    410 |    410 |      0 |     70 |    170 |   1 |  410.0 |
  Orcish Mines |   2106 |   2026 |     80 |    120 |   1434 |   2 | 1053.0 |
         Abyss |    109 |    109 |      0 |      0 |      0 |   1 |  109.0 |
               +--------+--------+--------+--------+--------+-----+--------+

Top non-repeatable levels by time:
  Lair:2: 1907 daAuts
  Lair:5: 1889 daAuts
    D:10: 1883 daAuts
     D:7: 1706 daAuts
     D:6: 1609 daAuts
  Lair:3: 1393 daAuts
     D:1: 1343 daAuts
     D:2: 1271 daAuts
  Lair:4: 1191 daAuts
   Orc:2: 1180 daAuts
    D:11: 1180 daAuts
    D:13: 1175 daAuts
     D:5: 1154 daAuts
    D:15: 1041 daAuts
     D:9: 1030 daAuts
